 Dungeon Crawl Stone Soup version 0.27.1-33-g824d729ab1 (console) character file.

Game seed: 17319108819720953691

79 Banquo the Skirmisher (level 4, -7/37 HPs)
             Began as a Djinni Monk on Dec 6, 2021.
             Mangled by Jessica (10 damage)
             ... on level 3 of the Dungeon.
             The game lasted 00:04:48 (3116 turns).

Banquo the Skirmisher (Djinni Monk)                 Turns: 3116, Time: 00:04:49

Health: -7/37      AC:  2    Str: 10    XL:     4   Next: 62%
Gold:   90         EV: 13    Int: 13    God:
                   SH:  0    Dex: 15

rFire    + + .     SeeInvis .   a - +0 short sword
rCold    x . .     Faith    .   (no shield)
rNeg     . . .     Spirit   .   b - +0 robe
rPois    ∞         Reflect  .   (no helmet)
rElec    .         Harm     .   (no cloak)
rCorr    +         Rampage  .   (no gloves)
Will     .....                  (boots unavailable)
Stlth    ++........             g - amulet of magic regeneration
HPRegen  0.12/turn              j - ring of resist corrosion
MPRegen  0.00/turn              (no ring)

@: flying
A: sickness immunity, fire resistance 2, cold vulnerability 1, float, innate
caster, hp casting, extra vitality 1
a: no special abilities


You were on level 3 of the Dungeon.
You visited 1 branch of the dungeon, and saw 3 of its levels.

You collected 90 gold pieces.

Inventory:

Hand Weapons
 a - a +0 short sword (weapon)
Missiles
 f - 23 stones (quivered)
 l - 2 javelins
Armour
 b - a +0 robe (worn)
Jewellery
 g - an amulet of magic regeneration (around neck)
 j - a ring of resist corrosion (left hand)
Scrolls
 c - a scroll of teleportation {unknown}
 e - 2 scrolls of identify {unknown}
 h - a scroll of magic mapping {unknown}
 i - a scroll of torment {unknown}
 k - 2 scrolls of amnesia {unknown}
Potions
 d - 2 potions of heal wounds {unknown}
 m - a potion of cancellation {unknown}


   Skills:
 * Level 3.9 Fighting
 * Level 3.7 Short Blades
 - Level 3.2 Dodging
 - Level 1.5 Stealth
 * Level 0.7 Spellcasting


You had 3 spell levels left.
You knew the following spells:

 Your Spells              Type           Power      Damage    Failure   Level
a - Apportation           Tloc           4%         N/A       22%         1
Your spell library was empty.

Dungeon Overview and Level Annotations

Branches:
Dungeon (3/15)

Altars:
Nemelex Xobeh

Annotations:
D:3 Jessica


Innate Abilities, Weirdness & Mutations

You are immune to sickness and miasma.
You are immune to poison.
Your flesh is very heat resistant. (rF++)
You are vulnerable to cold. (rC-)
You float through the air rather than walking.
You learn spells naturally, not from books.
Your magical power is your life essence.
You have superior vitality. (+4 HP)


Message History

There is an open door here.
f - 23 stones (gained 2)
You see here a +0 club.
A ball python is nearby!
The ball python hisses angrily.
You hit the ball python.
The ball python is moderately wounded.
The ball python bites you. The ball python misses you.
You hit the ball python.
You kill the ball python!
No target in view!
Jessica the Apprentice Sorceress comes into view.
She is wielding a +6 club.
Jessica shouts!
You see here 10 sling bullets.
Jessica hits you with a +6 club!
You see here 10 sling bullets.
You hit Jessica.
Jessica is lightly wounded.
Jessica hits you with a +6 club.
You hit Jessica.
Jessica is heavily wounded.
Jessica hits you with a +6 club.
You hit Jessica.
Jessica is heavily wounded.
Jessica completely misses you.
You hit Jessica but do no damage.
Jessica is heavily wounded.
Jessica hits you with a +6 club.
You hit Jessica.
Jessica is almost dead.
Jessica barely misses you.
You closely miss Jessica.
Jessica is almost dead.
Jessica points at you and mumbles some strange words.
Pain shoots through your body!
* * * LOW HITPOINT WARNING * * *
You closely miss Jessica.
Jessica is almost dead.
Jessica hits you with a +6 club!
You die...

.>$.... .......
##.#.#.###...#.# .
..#.#.# #...#.# .
.#.#.#.###...#.### #...
). ...'...'... #.###
.###...#.# ....#
..@......# ..#.#
.#########@# ...<#
#.........@.#
#.#.#.#########...#
#.#.#.#########...#
#.(.............†.#
#..†#.#########.#.#####
........# ###........
#.###.#.# #..)......#
..# .#.# #.........#
..###.#.# #.....(...#


You could see Jessica.

Vanquished Creatures
  A hound (D:2)
  An adder (D:3)
  A worm (D:3)
  A dart slug (D:2)
  An orc (D:3)
  5 ball pythons
  A bat (D:3)
  3 endoplasms
  4 giant cockroaches
  2 goblins (D:2)
  2 hobgoblins (D:3)
  6 kobolds
  A quokka (D:1)
  2 rats
31 creatures vanquished.

Notes
Turn   | Place    | Note
-------+----------+-------------------------------------------
     0 | D:1      | Banquo the Djinni Monk began the quest for the Orb.
     0 | D:1      | Reached XP level 1. HP: 20/20 MP: 0/0
   207 | D:1      | Reached XP level 2. HP: 16/25 MP: 0/0
   852 | D:1      | Found a faded altar of an unknown god.
  1577 | D:2      | Reached XP level 3. HP: 15/31 MP: 0/0
  1577 | D:2      | Learned a level 1 spell: Apportation
  1577 | D:2      | Reached XP level 4. HP: 17/37 MP: 0/0
  2372 | D:3      | Found a sparkling altar of Nemelex Xobeh.
  3099 | D:3      | Noticed Jessica
  3116 | D:3      | Mangled by Jessica

Illustrated notes

Levels and vault maps discovered:
D:1:      minmay_arrival_nine_rooms, layout_basic,
          shapermc_ecumenical_altar_rom_forum
D:2:      layout_basic
D:3:      layout_basic, nemelex_dance_club_becter, uniq_jessica

Skill      XL: |  1  2 |
---------------+-------+-----
Short Blades   | 3 |  3.7
Fighting       | |  3.9
Dodging        | |  3.2
Stealth        | |  1.5
Spellcasting   | |  0.7

Action                   |  1- 3 |  4- 6 || total
-------------------------+-------+-------++-------
Melee: Short sword       |    70 |    74 ||   144
 Stab: Sleeping          |     4 |     1 ||     5
Armor: Robe              |     6 |    18 ||    24
Dodge: Dodged            |    41 |    54 ||    95
